 Dungeon Crawl Stone Soup version 0.21-a0-84-g85d6d27 (webtiles) character file.

56 Dordric the Vexing (level 3, 35/35 HPs)
             Began as an Ogre Arcane Marksman on June 28, 2017.
             Quit the game on level 2 of the Dungeon.
             The game lasted 00:10:21 (2456 turns).

Dordric the Vexing (Ogre Arcane Marksman)           Turns: 2456, Time: 00:10:22

Health: 35/35      AC:  3    Str: 15    XL:     3   Next: 97%
Magic:  5/5        EV: 10    Int: 14    God:
Gold:   57         SH:  0    Dex:  9    Spells: 2/5 levels left

rFire    + . .     SeeInvis .   h - +0 whip
rCold    + . .     Gourm    .   (no shield)
rNeg     . . .     Faith    .   a - +0 robe
rPois    +         Spirit   .   (helmet restricted)
rElec    +         Reflect  .   (no cloak)
rCorr    +         Harm     .   (gloves unavailable)
MR       .....                  (boots unavailable)
Stlth    +.........             (no amulet)
HPRegen  0.11/turn              (no ring)
MPRegen  0.09/turn              (no ring)

@: resistant, flying
A: unfitting armour, tough skin 1
a: no special abilities


You were on level 2 of the Dungeon.
You were very hungry.

You visited 1 branch of the dungeon, and saw 2 of its levels.

You collected 57 gold pieces.

Inventory:

Hand Weapons
 h - a +0 whip (weapon)
Missiles
 d - 30 arrows
 e - 3 large rocks (quivered)
Armour
 a - a +0 robe (worn)
Scrolls
 k - a scroll of teleportation
Books
 b - a book of Debilitation

   Spells                             Type                      Level
   a - Corona                         Hexes                        1
   b - Slow                           Hexes                        2
   c - Inner Flame                    Hexes/Fire                   3
   d - Portal Projectile              Hexes/Translocation          3
   e - Cause Fear                     Hexes                        4
   f - Leda's Liquefaction            Hexes/Earth                  4
Comestibles
 f - a bread ration
 l - a royal jelly


   Skills:
 + Level 2.0 Fighting
 + Level 1.0 Maces & Flails
 + Level 2.8 Throwing
 + Level 2.1 Dodging
 + Level 1.6 Spellcasting
 + Level 3.0 Hexes


You had 2 spell levels left.
You knew the following spells:

 Your Spells              Type           Power        Failure   Level  Hunger
a - Corona                Hex            #......      7%          1    ##.....
b - Slow                  Hex            #.......     11%         2    ###....


Dungeon Overview and Level Annotations

Branches:
Dungeon (2/15)

Altars:


Innate Abilities, Weirdness & Mutations

You are too large for most types of armour.
You have tough skin. (AC +1)


Message History

The floor.
Throwing (i - inventory):
e - 3 large rocks (quivered)
Press: ? - help, Shift-Dir - straight line, f - you
Okay, then.
It was a potion of flight.
You feel very buoyant.
You fly up into the air.
It was a potion of resistance.
You feel protected.
As you read the scroll labeled ENONUI GAYSHI, it crumbles to dust.
It is a scroll of recharging.
You aren't carrying any rechargeable items.
As you read the scroll labeled ZOUDOCU HUETOL, it crumbles to dust.
You smell baking bread.
It was a scroll of random uselessness.
As you read the scroll labeled KUFOS BIGH, it crumbles to dust.
You feel strangely unstable.
It was a scroll of teleportation.
Your surroundings suddenly seem different.
You enter a teleport trap!
The teleport trap disappears.
Your surroundings suddenly seem different.
Are you sure you want to abandon this character and quit the game? (Confirm with "yes".)

#..... #.#### #.# #.# ..#
#######.#### ...+ ..........>.
#..#### #######.##.#
#......####### #############.##.#
.....#.#.....# #@................
.....#.#.....# #.##..........##.#
.....#.#.....# #.##.###########.#
.....#.#.....# #.##.# ######+#
.....#.#.....###.##.###.##.......
'##'##.#.....+..........##.......
.##.##.#.....###.##.###.##.......
.##.##....#+## #.##.#.#.##.......
.##.....#.#.# #.(....#.#######'#


There were no monsters in sight!

Vanquished Creatures
  An ooze (D:2)
  A dart slug (D:1)
  3 leopard geckos
  3 bats (D:1)
  5 giant cockroaches
  3 goblins
  9 hobgoblins
  3 jackals (D:1)
  6 frilled lizards
  6 kobolds
  2 rats (D:1)
42 creatures vanquished.

Notes
Turn   | Place    | Note
-------+----------+-------------------------------------------
     0 | D:1      | Dordric the Ogre Arcane Marksman began the quest for the Orb.
     0 | D:1      | Reached XP level 1. HP: 19/19 MP: 2/2
    94 | D:1      | Reached XP level 2. HP: 23/27 MP: 0/3
   217 | D:1      | Learned a level 2 spell: Slow
   317 | D:1      | HP: 1/27 [dart slug (1)]
   843 | D:1      | Reached skill level 3 in Hexes
   843 | D:1      | Reached XP level 3. HP: 29/33 MP: 5/5
  1965 | D:2      | Reached skill level 1 in Maces & Flails
  2456 | D:2      | Quit the game

Vault maps used:
D:1:      minmay_arrival_jagged, roderic_lattice_a
D:2:      serial_corexii_hall, corexii_hall_statues_i, corexii_hall_statues_i,
          uniq_sigmund

Skill      XL: |  1  2  3 |
---------------+----------+-----
Dodging        | 2 |  2.1
Hexes          | 3 |  3.0
Maces & Flails | 1 |  1.0
Fighting       | 2 |  2.0
Throwing       | |  2.8
Spellcasting   | |  1.6

Action                   || total
-------------------------++-------
Melee: Unarmed           ||     4
       Whip              ||    78
Throw: Large rock        ||    52
       Throwing net      ||     2
 Cast: Corona            ||    15
       Slow              ||     1
  Use: Scroll            ||     3
       Potion            ||     2
  Eat: Chunk             ||     2
       Royal jelly       ||     1
Armor: Robe              ||    36
Dodge: Dodged            ||    62
